 Dungeon Crawl Stone Soup version 0.19-a0-1786-g230130f (webtiles) character file.

5539 Pr0man the Fighter (level 10, -2/98 HPs)
             Began as a Naga Fighter on Oct 3, 2016.
             Was a High Priest of Cheibriados.
             Slain by a deep elf archer
             ... wielding a +0 short sword
              (13 damage)
             ... on level 9 of the Dungeon.
             The game lasted 00:29:57 (8499 turns).

Pr0man the Fighter (Naga Fighter)                   Turns: 8499, Time: 00:29:58

Health: -2/98      AC:  6    Str: 33    XL:     10   Next: 71%
Magic:  8/14       EV: 12    Int: 22    God:    Cheibriados [*****.]
Gold:   121        SH: 12    Dex: 21    Spells: 0 memorised, 9 levels left

rFire  . . .     SeeInvis +     a - +0 long sword
rCold  . . .     Gourm    .     L - +0 leather armour (curse)
rNeg   + . .     Faith    .     c - +0 shield
rPois  +         Spirit   .     (no helmet)
rElec  .         Dismiss  .     p - +0 cloak {MR+}
rCorr  .         Reflect  .     (no gloves)
MR     ++...     Harm     .     (no barding)
Stlth  ++........               u - amulet of regeneration
                                b - +2 ring of slaying
                                d - ring of positive energy

@: short of breath, very slow
A: see invisible, clumsy 2, deformed body, high mp 1, poison resistance,
slowness 2, slow metabolism 1, spit poison 1, AC +3
a: Spit Poison, Bend Time, Temporal Distortion, Slouch, Step From Time, Renounce
Religion


You were on level 9 of the Dungeon.
You worshipped Cheibriados.
Cheibriados was extremely pleased with you.
You were very hungry.

You visited 2 branches of the dungeon, and saw 10 of its levels.

You collected 350 gold pieces.
You spent 229 gold pieces at shops.

Inventory:

Hand Weapons
 a - a +0 long sword (weapon)
 G - the +7 fustibalus of Tureng {velocity, Str+8 Int+2, unknown}
   (You found it on level 6 of the Dungeon)

   Any stone fired from it inflicts extra damage.
   It affects your strength (+8).
   It affects your intelligence (+2).
Missiles
 k - 83 sling bullets
Armour
 c - a +0 shield (worn)
 p - a +0 cloak of magic resistance (worn)
 r - a +1 chain mail of poison resistance
 L - a cursed +0 leather armour (worn)
Jewellery
 b - a +2 ring of slaying (right hand)
 d - a ring of positive energy (left hand)
 i - an uncursed ring of ice
 u - an amulet of regeneration (around neck)
 J - the ring "Feoneas" {+Fly rPois rF- Dex+4 Stlth+}
   (You bought it in a shop on level 7 of the Dungeon)

   [ring of dexterity]

   It affects your dexterity (+4).
   It makes you vulnerable to fire.
   It protects you from poison.
   It lets you fly.
   It makes you more stealthy.
 K - a +3 ring of intelligence
Wands
 n - a wand of iceblast (11/15)
 y - a wand of digging (16/24)
 z - a wand of iceblast (4/15)
 M - a wand of flame (35/48)
Scrolls
 g - 3 scrolls of remove curse
 o - a scroll of teleportation
 s - a scroll of random uselessness
 F - a scroll of noise
 I - a scroll of recharging
Potions
 h - a potion of cure mutation
 m - 6 potions of curing
 q - 2 potions of might
 v - 2 potions of flight
 w - 2 potions of haste
 B - a potion of mutation
 E - 3 potions of lignification
 H - 3 potions of brilliance {unknown}
Books
 e - a Young Poisoner's Handbook

   Spells                             Type                      Level
   a - Sting                          Conjuration/Poison           1
   b - Mephitic Cloud                 Conjuration/Poison/Air       3
   c - Olgreb's Toxic Radiance        Poison                       4
   d - Alistair's Intoxication        Transmutation/Poison         5
   e - Venom Bolt                     Conjuration/Poison           5
Miscellaneous
 C - a phantom mirror
 D - a lamp of fire
Comestibles
 f - 6 bread rations
 j - 3 meat rations
 l - 9 slices of pizza
 x - a beef jerky
 A - a royal jelly


   Skills:
 + Level 8.9 Fighting
 + Level 8.2 Long Blades
 - Level 4.5 Armour
 - Level 5.0 Dodging
 - Level 5.5 Shields
 - Level 4.3 Invocations


You had 9 spell levels left.
You didn't know any spells.

Dungeon Overview and Level Annotations

Branches:
Dungeon (9/15)             Temple (1/1) D:4
   Lair: D:8-11         Orc: D:9-12

Altars:
Ashenzari
Cheibriados
Dithmenos
Elyvilon
Fedhas
Gozag
Hepliaklqana
Makhleb
Okawaru
Qazlal
Ru
Sif Muna
Uskayaw
Vehumet
Xom
Yredelemnul
Zin
The Shining One

Shops:
D:5 !   D:7 *


Innate Abilities, Weirdness & Mutations

You cannot wear boots.
Your serpentine skin is tough. (AC +3)
You have supernaturally acute eyesight. (SInv)
Armour fits poorly on your strangely shaped body.
Your system is resistant to poisons. (rPois)
You cover ground very slowly.
You have a slow metabolism.
You can spit poison.
You are very clumsy. (Dex -4)
You have an increased reservoir of magic. (+10% MP)


Message History

You completely miss the deep elf archer.
The deep elf archer misses you.
You miss the deep elf archer.
The deep elf archer hits you with an uncursed short sword.
You hit the deep elf archer.
The deep elf archer is lightly wounded.
The deep elf archer hits you with an uncursed short sword!
* * * LOW HITPOINT WARNING * * *
Press: ? - help, Shift-Dir - straight line, f/p - deep elf archer
Aim: a deep elf archer, wielding a short sword and wearing a leather armour (lightly wounded, repelling missiles)
The splash of poison hits the deep elf archer.
The deep elf archer is moderately wounded.
You feel slightly more hungry. You block the deep elf archer's attack.
You hit the deep elf archer.
The deep elf archer is moderately wounded.
The deep elf archer hits you with an uncursed short sword!!
* * * LOW HITPOINT WARNING * * *
You feel better.
The deep elf archer hits you with an uncursed short sword!
You die...

#####..# #..#
#..# ####..#
#.....#
#.....#
#.....# ##
#..e..# .#
#..@..########
.#
#......(((...#
.#
#.....((######
.# .#
#....(.(#
##..#
#...(...#
....#
#.....(.#
....#
#.......#
....#
#.......#
....+
#.......#


You could see a deep elf archer.

Vanquished Creatures
  Maurice (D:8)
  Grinder (D:3)
  A hippogriff (D:8)
  Sigmund (D:2)
  A spriggan (D:8)
  A hungry ghost (D:8)
  3 ice beasts (D:6)
  2 orc warriors (D:6)
  2 sky beasts
  The ghost of Pr0man the Slasher, an amateur NaFi (D:5)
  A phantom (D:4)
  6 ogres
  6 centaurs
  2 bullfrogs
  A big kobold (D:7)
  A wyvern skeleton (D:6)
  5 scorpions
  6 killer bees
  3 howler monkeys
  A bullfrog zombie (D:4)
  3 crimson imps
  A centaur zombie (D:8)
  6 hounds
  4 orc priests
  Crazy Yiuf (D:4)
  2 bullfrog skeletons
  2 centaur skeletons
  2 jellies
  13 orc wizards
  Terence (D:3)
  Jessica (D:3)
  2 iguanas (D:5)
  9 worker ants
  2 hound skeletons
  8 adders
  7 gnolls
  4 shadow imps
  3 oozes
  An adder zombie (D:7)
  An adder skeleton (D:7)
  2 worms (D:4)
  3 dart slugs
  6 leopard geckos
  54 orcs
  17 bats
  A giant cockroach (D:6)
  14 goblins
  4 hobgoblins
  9 jackals
  4 quokkas
  7 frilled lizards
  12 kobolds
  A leopard gecko skeleton (D:5)
  2 quokka skeletons (D:4)
  8 rats
263 creatures vanquished.

Notes
Turn   | Place    | Note
-------+----------+-------------------------------------------
     0 | D:1      | Pr0man the Naga Fighter began the quest for the Orb.
     0 | D:1      | Reached XP level 1. HP: 21/21 MP: 1/1
   104 | D:1      | Reached XP level 2. HP: 17/28 MP: 2/2
   412 | D:1      | Reached XP level 3. HP: 31/34 MP: 3/3
   553 | D:2      | Noticed Sigmund
   733 | D:2      | Found a stormy altar of Qazlal.
   904 | D:2      | Gained mutation: You have an increased reservoir of magic. (+10% MP) [potion of mutation]
   904 | D:2      | Gained mutation: You are clumsy. (Dex -2) [potion of mutation]
   904 | D:2      | Gained mutation: You are very clumsy. (Dex -4) [potion of mutation]
   907 | D:2      | Killed Sigmund
   907 | D:2      | Reached skill level 5 in Long Blades
   907 | D:2      | Reached XP level 4. HP: 4/42 MP: 4/4
   907 | D:2      | Reached XP level 5. HP: 5/49 MP: 5/5
  1382 | D:2      | Reached XP level 6. HP: 53/56 MP: 6/6
  1728 | D:3      | Noticed Terence
  1745 | D:3      | Killed Terence
  1870 | D:3      | Reached skill level 1 in Dodging
  2062 | D:3      | Noticed Grinder
  2079 | D:3      | Paralysed by Grinder for 7 turns
  2097 | D:3      | Paralysed by Grinder for 4 turns
  2127 | D:3      | Found a faded altar of an unknown god.
  2127 | D:3      | Paralysed by Grinder for 3 turns
  2132 | D:3      | Paralysed by Grinder for 6 turns
  2138 | D:3      | Killed Grinder
  2138 | D:3      | Reached XP level 7. HP: 7/64 MP: 7/7
  2539 | D:3      | Noticed Jessica
  2553 | D:3      | Killed Jessica
  2844 | D:4      | Found a staircase to the Ecumenical Temple.
  2872 | Temple   | Entered the Ecumenical Temple
  2932 | Temple   | Became a worshipper of Cheibriados the Contemplative
  3217 | D:4      | Found a runed door.
  3221 | D:4      | Noticed Crazy Yiuf
  3224 | D:4      | Killed Crazy Yiuf
  3489 | D:4      | Reached XP level 8. HP: 73/73 MP: 8/8
  3580 | D:4      | Reached * piety under Cheibriados
  3583 | D:4      | Reached skill level 5 in Fighting
  3820 | D:5      | Entered Level 5 of the Dungeon
  3916 | D:5      | Noticed Pr0man's ghost (amateur NaFi)
  3933 | D:5      | Killed Pr0man's ghost
  4001 | D:5      | Reached ** piety under Cheibriados
  4072 | D:5      | Found a shattered altar of Ashenzari.
  4072 | D:5      | Found a deep blue altar of Sif Muna.
  4075 | D:5      | Found a basalt altar of Yredelemnul.
  4087 | D:5      | Found a hazy altar of Hepliaklqana.
  4580 | D:5      | Reached skill level 5 in Shields
  4632 | D:5      | Reached XP level 9. HP: 78/82 MP: 9/9
  4875 | D:5      | Found Zaifut's Distillery.
  4884 | D:5      | Bought a potion of lignification for 42 gold pieces
  4884 | D:5      | Bought a potion of lignification for 42 gold pieces
  5082 | D:5      | Reached *** piety under Cheibriados
  5249 | D:6      | Reached skill level 5 in Dodging
  5351 | D:6      | Reached skill level 1 in Invocations
  6121 | D:6      | Reached **** piety under Cheibriados
  6229 | D:6      | Got a pitted fustibalus
  6246 | D:6      | Found an iron altar of Okawaru.
  6801 | D:7      | Reached XP level 10. HP: 82/94 MP: 14/14
  6834 | D:7      | Found a shattered altar of Ashenzari.
  6892 | D:7      | Reached ***** piety under Cheibriados
  7064 | D:7      | Found Bosearhu's Assorted Antiques.
  7073 | D:7      | Bought a slimy glass ring for 145 gold pieces
  7074 | D:7      | Identified the ring "Feoneas" {+Fly rPois rF- Dex+4 Stlth+} (You bought it in a shop on level 7 of the Dungeon)
  8082 | D:8      | Noticed Maurice
  8090 | D:8      | Killed Maurice
  8124 | D:8      | Found a glowing silver altar of Zin.
  8279 | D:9      | Noticed a deep elf archer
  8498 | D:9      | HP: 2/98 [deep elf archer/uncursed short sword (20)]
  8499 | D:9      | Slain by a deep elf archer

Vault maps used:
D:1:      dpeg_arrival_tiny_a
D:2:      lemuel_round_altar, uniq_sigmund
D:3:      ecumenical_altar_1, uniq_grinder, uniq_jessica, uniq_terence
D:4:      first_bread, minmay_bent, uniq_crazy_yiuf_cottage
D:5:      kennysheep_windowed_halls, grunt_temple_overflow_cloverleaf,
          serial_shops, nicolae_shop_stone
D:6:      okawaru_metal_pillars_3
D:7:      serial_shops, nicolae_shop_crystal, evilmike_ruin_ashenzari
D:8:      basic_altar, grunt_pizzeria, item_on_display_a, uniq_maurice
D:9:      minmay_the_grid_net
Temple:   eino_temple_rhombus

Skill      XL: |  1  2  3  4  5  6  7  8  9 10 |
---------------+-------------------------------+-----
Long Blades    | 3 5 6 8 |  8.2
Dodging        | 2 3 4 5 |  5.0
Fighting       | 4 6 7 8 |  8.9
Shields        | 3 5 |  5.5
Invocations    | 4 |  4.3
Armour         | 4 |  4.5

Action                   |  1- 3 |  4- 6 |  7- 9 | 10-12 || total
-------------------------+-------+-------+-------+-------++-------
Melee: Long sword        |    46 |   125 |   419 |   248 ||   838
Invok: Bend Time         |       |       |     1 |       ||     1
       Step From Time    |       |       |       |     1 ||     1
 Abil: Spit Poison       |    33 |    31 |    99 |    38 ||   201
  Use: Potion            |     4 |     3 |       |     3 ||    10
       Scroll            |     2 |     1 |    11 |     3 ||    17
  Eat: Chunk             |     1 |     5 |    17 |     6 ||    29
       Beef jerky        |       |       |       |     1 ||     1
Armor: Scale mail        |    34 |    54 |     1 |       ||    89
       Skin              |       |    24 |       |       ||    24
       Chain mail        |       |       |   169 |   120 ||   289
       Leather armour    |       |       |       |     1 ||     1
Dodge: Dodged            |    24 |    28 |   110 |   108 ||   270
Block: Shield            |    42 |    62 |   261 |   226 ||   591
       Rpst.: Long sword |     4 |     8 |    35 |    32 ||    79
